 Dungeon Crawl Stone Soup version 0.28.0-45-g0d030f2227 (webtiles) character file.

Game seed: 14518954572235890455

3154 crimpus the Quickloader (level 10, 0/64 HPs)
             Began as a Kobold Hunter on Apr 18, 2022.
             Was an Initiate of Okawaru.
             Succumbed to a hornet's poison
             ... on level 10 of the Dungeon.
             The game lasted 00:30:52 (11432 turns).

crimpus the Quickloader (Kobold Hunter)            Turns: 11432, Time: 00:30:53

Health: 0/64       AC: 12    Str: 11    XL:     10   Next: 15%
Magic:  10/10      EV: 18    Int: 15    God:    Okawaru [......]
Gold:   367        SH:  0    Dex: 20    Spells: 9/9 levels left

rFire   + . .      SeeInvis .   a - +1 hand crossbow
rCold   + + .      Faith    .   (no shield)
rNeg    . . .      Spirit   .   k - +2 robe {rC+}
rPois   +          Reflect  .   v - +0 helmet
rElec   +          Harm     .   f - +2 cloak
rCorr   +          Rampage  .   (no gloves)
Will    .....                   (no boots)
Stlth   +++++.....              j - amulet of the acrobat
HPRegen 1.00/turn               g - +4 ring of protection
MPRegen 0.12/turn               w - +4 ring of slaying

@: lethally poisoned (0 -> -3), resistant, hasted and slowed
A: small, no large weapons, nightstalker 3, clever 1, regeneration 1, strong 1,
evolution 1
a: Renounce Religion


You were on level 10 of the Dungeon.
You worshipped Okawaru.
Okawaru was noncommittal.
You visited 2 branches of the dungeon, and saw 11 of its levels.

You collected 367 gold pieces.

Inventory:

Hand Weapons
 a - a +1 hand crossbow (weapon)
 b - a +0 short sword
Missiles
 d - 26 bolts (quivered ammo)
Armour
 c - a +0 leather armour
 e - +0 steam dragon scales
 f - a +2 cloak (worn)
 k - a +2 robe of cold resistance (worn)
 v - a +0 helmet (worn)
Jewellery
 g - a +4 ring of protection (left hand)
 i - a ring of poison resistance
 j - an amulet of the acrobat (around neck)
 l - a ring of see invisible
 m - a +6 ring of strength
 n - a ring of positive energy
 r - a +4 ring of protection
 w - a +4 ring of slaying (right hand)
Scrolls
 h - 2 scrolls of amnesia
 o - 2 scrolls of holy word
 q - 6 scrolls of magic mapping
Potions
 t - 5 potions of degeneration


   Skills:
 * Level 8.1 Fighting
 * Level 12.4 Crossbows
 * Level 5.9 Dodging
 * Level 6.1 Stealth


You had 9 spell levels left.
You didn't know any spells.
Your spell library contained the following spells:

 Spells                   Type           Power      Damage    Failure   Level
 Foxfire                  Conj/Fire      0%         2x1d4     26%         1
 Pain                     Necr           0%         1d4       26%         1
 Ensorcelled Hibernation  Hex/Ice        0%         N/A       38%         2
 Passwall                 Tmut/Erth      0%         N/A       38%         2
 Conjure Flame            Conj/Fire      0%         6-21      63%         3
 Inner Flame              Hex/Fire       0%         N/A       63%         3
 Swiftness                Air            0%         N/A       63%         3
 Vampiric Draining        Necr           0%         2d6       63%         3
 Flame Wave               Conj/Fire      0%         2d4       95%         4
 Animate Skeleton         Necr           Unusable   N/A       N/A         1

Dungeon Overview and Level Annotations

Branches:
Dungeon (10/15)            Temple (1/1) D:5
   Lair: D:8-11         Orc: D:9-12

Altars:
Ashenzari
Cheibriados
Dithmenos
Elyvilon
Fedhas
Gozag
Hepliaklqana
Kikubaaqudgha
Makhleb
Nemelex Xobeh
Okawaru
Qazlal
Ru
Sif Muna
Trog
Uskayaw
Vehumet
Wu Jian
Xom
Yredelemnul
Zin
The Shining One

Shops:
D:1 *   D:5 [   D:8 :

Annotations:
D:6 3 runed translucent doors
D:7 2 transporters, Duvessa


Innate Abilities, Weirdness & Mutations

You are small and have problems with some larger weapons.
You are completely attuned to the shadows.
Your mind is acute. (Int +2)
Your natural rate of healing is unusually fast.
Your muscles are strong. (Str +2)
You have hidden genetic potential.


Message History

The hornet misses you. The hornet stings you!
* * * LOW HITPOINT WARNING * * *
You feel yourself slow down.
You feel protected. The hornet stings you!
* * * LOW HITPOINT WARNING * * *
You are lethally poisoned!
You feel as though you will be slow longer.
The hornet completely misses you. The hornet stings you.
* * * LOW HITPOINT WARNING * * *
You feel as though you will be slow longer.
You feel yourself speed up.
* * * LOW HITPOINT WARNING * * *
You feel very sick. The hornet completely misses you. The hornet misses you.
You are too injured to fight recklessly!
Unknown command.
Unknown command.
Unknown command.
You are too injured to fight recklessly!
Unknown command.
Okay, then.
You hear the roar of battle.
There is an entrance to a bailey on this level.
Hurry and find it before the portal closes forever!
Welcome back, crimpus the Kobold Hunter.
Okawaru says: Bring me glory in combat!
Press ? for a list of commands and other information.
Unknown command.
Unknown command.
Unknown command.
There is a lethal amount of poison in your body!
You are too injured to fight recklessly!
You are too injured to fight recklessly!
Okay, then.
Fire: 27 bolts
Press: ? - help, Q - select action Shift-Dir - straight line, f - hornet
Aim: a hornet (severely wounded, 67% to hit)
You shoot a bolt. The bolt hits the hornet!
The hornet is almost dead.
You die...

###
#@#
#y#
#.#
#.#
#(.


You could see a hornet.

Vanquished Creatures
  Prince Ribbit (D:6)
  3 yaks (D:8)
  3 steam dragons
  Menkaure (D:5)
  A water moccasin (D:7)
  An ice beast (D:6)
  A sky beast (D:7)
  2 necrophages
  A centaur (D:8)
  A phantom (D:6)
  A kobold brigand (D:9)
  A bullfrog (D:8)
  A gnoll sergeant (D:8)
  2 scorpions (D:7)
  Dowan (D:7)
  2 water moccasin skeletons
  5 wights
  A human zombie (D:8)
  2 bullfrog zombies
  2 jellies (D:8)
  2 hounds
  3 orc priests
  Crazy Yiuf (D:7)
  A bullfrog skeleton (D:5)
  3 iguanas (D:6)
  Terence (D:3)
  2 orc wizards (D:2)
  A hound zombie (D:5)
  A howler monkey zombie (D:9)
  3 gnolls (D:8)
  A howler monkey skeleton (D:7)
  6 adders
  An ufetubus (D:5)
  3 worms
  5 dart slugs
  24 orcs
  8 ball pythons
  6 endoplasms
  4 giant cockroaches
  6 hobgoblins
  8 jackals
  6 quokkas
  9 bats
  4 frilled lizards
  9 goblins
  15 kobolds
  An orc zombie (D:8)
  4 rats
171 creatures vanquished.

Vanquished Creatures (others)
  55 plants (D:3)
55 creatures vanquished.

Grand Total: 226 creatures vanquished

Notes
Turn   | Place    | Note
-------+----------+-------------------------------------------
     0 | D:1      | crimpus the Kobold Hunter began the quest for the Orb.
     0 | D:1      | Reached XP level 1. HP: 12/12 MP: 1/1
   129 | D:1      | Found Ymyuh's General Store.
   188 | D:1      | Reached skill level 5 in Crossbows
   218 | D:1      | Reached XP level 2. HP: 17/17 MP: 2/2
   283 | D:1      | Found a faded altar of an unknown god.
  1076 | D:2      | Reached XP level 3. HP: 22/22 MP: 3/3
  1109 | D:2      | Found a sacrificial altar of Ru.
  1230 | D:2      | Reached skill level 6 in Crossbows
  1262 | D:2      | Reached XP level 4. HP: 7/27 MP: 4/4
  2135 | D:2      | Reached XP level 5. HP: 31/31 MP: 5/5
  2408 | D:2      | Reached skill level 7 in Crossbows
  2903 | D:3      | Noticed Terence
  2918 | D:3      | Killed Terence
  3039 | D:3      | Found a shimmering altar of Xom.
  3306 | D:3      | Reached XP level 6. HP: 37/37 MP: 6/6
  3407 | D:3      | Found a broken altar of Ashenzari.
  3543 | D:3      | Found a basalt altar of Yredelemnul.
  4714 | D:5      | Entered Level 5 of the Dungeon
  4864 | D:5      | Found Tuskaw's Antique Armour Shop.
  4966 | D:5      | Noticed a necrophage
  4977 | D:5      | Killed a necrophage
  4978 | D:5      | Reached skill level 8 in Crossbows
  5036 | D:5      | Reached XP level 7. HP: 38/41 MP: 7/7
  5118 | D:5      | Noticed Menkaure
  5124 | D:5      | Killed Menkaure
  5220 | D:5      | Found a staircase to the Ecumenical Temple.
  5251 | D:5      | Reached skill level 9 in Crossbows
  5267 | Temple   | Entered the Ecumenical Temple
  6032 | D:6      | Noticed Prince Ribbit
  6039 | D:6      | Killed Prince Ribbit
  6040 | D:6      | Reached XP level 8. HP: 48/48 MP: 8/8
  6089 | D:6      | Found a runed translucent gate.
  6089 | D:6      | Found a runed translucent gate.
  6090 | D:6      | Found a runed translucent gate.
  6408 | D:6      | Reached skill level 5 in Fighting
  6408 | D:6      | Reached skill level 10 in Crossbows
  6541 | D:6      | Found a snail-covered altar of Cheibriados.
  7363 | D:7      | Noticed Dowan
  7367 | D:7      | Noticed Duvessa
  7376 | D:7      | Killed Dowan
  7402 | D:7      | Reached XP level 9. HP: 45/55 MP: 9/9
  7555 | D:7      | Noticed a boulder beetle
  7959 | D:7      | Reached skill level 11 in Crossbows
  8223 | D:7      | Found a transporter.
  8233 | D:7      | Noticed a brown ugly thing
  8430 | D:7      | Gained mutation: You have hidden genetic potential. [potion
                  | of mutation]
  8430 | D:7      | Gained mutation: Your natural rate of healing is unusually
                  | fast. [potion of mutation]
  8430 | D:7      | Gained mutation: Your mind is acute. (Int +2) [potion of
                  | mutation]
  9014 | D:8      | Reached skill level 5 in Stealth
  9072 | D:8      | Reached skill level 5 in Dodging
  9493 | D:7      | Found a runed translucent door.
  9496 | D:7      | Noticed Crazy Yiuf
  9509 | D:7      | Killed Crazy Yiuf
  9989 | D:7      | Found a transporter.
  9998 | D:7      | Noticed a large abomination
 10280 | D:8      | Found a bloodstained altar of Trog.
 10833 | D:8      | Found Aje Lysch's Book Emporium.
 10850 | D:8      | Reached skill level 12 in Crossbows
 11056 | D:8      | Found an iron altar of Okawaru.
 11058 | D:8      | Found a glowing silver altar of Zin.
 11062 | D:8      | Became a worshipper of Warmaster Okawaru
 11271 | D:8      | Reached XP level 10. HP: 54/64 MP: 10/10
 11283 | D:8      | Gained mutation: Your muscles are strong. (Str +2) [hidden
                  | potential]
 11427 | D:10     | Entered Level 10 of the Dungeon
 11431 | D:10     | HP: 1/64 [poisoned by a hornet]
 11432 | D:10     | Succumbed to a hornet's poison

Illustrated notes

Levels and vault maps discovered:
D:1:      wheals_arrival_shading, layout_basic, shapermc_ecumenical_altar_gd,
          serial_shops, nicolae_diamond_shop
D:2:      minmay_razor_zed, layout_basic, basic_altar
D:3:      wad_woods_stonehenge, layout_loops_ring, nicolae_ashenzari_skybound,
          mainiacjoe_overflow_catwalk, uniq_terence
D:4:      layout_basic, dk_vineyard_3
D:5:      nicolae_cairo_tiling_large, layout_basic,
          minmay_temple_entry_proselytizer, serial_shops,
          nicolae_shop_overgrown_old_shop, uniq_menkaure
D:6:      layout_loops_ring, cheibriados_altar_1, gammafunk_ghost_necromancy,
          hangedman_abyss_or_decor_slice, uniq_prince_ribbit1
D:7:      layout_layer_cave, gammafunk_ghost_abyssal_escape, uniq_duvessa,
          uniq_crazy_yiuf_cottage
D:8:      layout_rooms, chequers_temple_overflow_statue_of_worship,
          mainiacjoe_overflow_alcove_2, serial_shops, shop, enter_ossuary_3
D:9:      layout_rooms, ebering_ghost_xom, eino_tiny_chamber
D:10:     layout_basic, orc_0_dummy, enter_bailey_3
Temple:   regret_index_temple_sphere_string

Skill      XL: |  1  2  3  4  5  6  7  8  9 10 |
---------------+-------------------------------+-----
Crossbows      | 5 6 7 8 9 10 12 | 12.4
Fighting       | 3 4 5 7 8 |  8.1
Stealth        | 2 3 4 5 6 |  6.1
Dodging        | 3 4 5 |  5.9

Action                   |  1- 3 |  4- 6 |  7- 9 | 10-12 || total
-------------------------+-------+-------+-------+-------++-------
Melee: Hand crossbow     |       |     1 |       |       ||     1
 Fire: Hand crossbow     |    56 |   191 |   351 |    31 ||   629
  Use: Scroll            |       |     7 |     9 |       ||    16
       Potion            |       |       |     8 |     2 ||    10
Armor: Leather armour    |     3 |    36 |    23 |       ||    62
       Robe              |       |       |    14 |     2 ||    16
       Steam dragon scal |       |       |     6 |       ||     6
Dodge: Dodged            |    19 |    68 |   143 |    27 ||   257
